 Dungeon Crawl Stone Soup version 0.19-a0-958-gd69d43c (webtiles) character file.

1014 AlphabetPasta the Cutter (level 8, 0/81 HPs)
             Began as a Halfling Abyssal Knight on July 11, 2016.
             Was a Priest of Lugonu.
             Slain by an adder (1 damage)
             ... on level 5 of the Dungeon.
             The game lasted 00:27:37 (4747 turns).

AlphabetPasta the Cutter (Halfling Abyssal Knight)  Turns: 4747, Time: 00:27:38

Health: 0/81       AC: 24    Str: 12    XL:     8   Next: 45%
Magic:  10/11      EV:  3    Int: 11    God:    Lugonu [***...]
Gold:   237        SH:  0    Dex: 21    Spells: 0 memorised, 7 levels left

rFire  + . .     SeeInvis .     p - +0 dagger (venom)
rCold  x . .     Gourm    .     (armour currently unavailable)
rNeg   + + +     Faith    .     (shield restricted)
rPois  +         Spirit   .     (helmet currently unavailable)
rElec  .         Dismiss  .     (cloak currently unavailable)
rCorr  .         Reflect  .     (gloves currently unavailable)
SustAt .         Harm     .     (boots currently unavailable)
MR     .....     NoTele   +     (no amulet)
Stlth  +++++.....               l - ring of fire
                                k - ring of poison resistance

@: agile, tree-form, not resistant to hostile enchantments, quite stealthy
A: mutation resistance 1
a: Depart the Abyss, Bend Space, Banish, Renounce Religion


You were on level 5 of the Dungeon.
You worshipped Lugonu.
Lugonu was most pleased with you.
You were not hungry.
You were a tree.
You visited 1 branch of the dungeon, and saw 5 of its levels.
You visited the Abyss 1 time.

You collected 237 gold pieces.

Inventory:

Hand Weapons
 a - a +1 short sword
 e - a +3 dagger of holy wrath
 p - a +0 dagger of venom (weapon)
Armour
 b - a +0 leather armour
 i - a cursed +0 helmet (melded)
 u - a +0 robe (melded)
 v - a +1 pair of boots (melded)
Jewellery
 k - a ring of poison resistance (left branch)
 l - a ring of fire (right branch)
Scrolls
 d - 5 scrolls of amnesia
 g - a scroll of teleportation
 h - a scroll of enchant armour
 o - 2 scrolls of remove curse
Potions
 n - a potion of lignification
Comestibles
 c - 2 bread rations
 f - a slice of pizza
 s - 2 meat rations
 w - 2 fruits


   Skills:
 + Level 4.1 Fighting
 * Level 7.3 Short Blades
 - Level 2.5 Armour
 + Level 4.2 Dodging
 + Level 4.1 Stealth
 + Level 4.7 Invocations


You had 7 spell levels left.
You didn't know any spells.

Dungeon Overview and Level Annotations

Branches:
Dungeon (5/15)             Temple (0/1) D:4

Altars:
Dithmenos
Elyvilon
Gozag
Okawaru
Yredelemnul

Shops:
D:3 *


Innate Abilities, Weirdness & Mutations

You are small and have problems with some larger weapons.
You are somewhat resistant to further mutation.


Message History

You feel agile all of a sudden. The centaur completely misses you.
The centaur shoots an arrow.
The arrow misses you.
The arrow completely misses the adder.
The adder closely misses you.
You turn into a tree.
Your cursed +0 helmet melds into your body.
Your +1 pair of boots melds into your body.
Your +0 robe melds into your body.
Your roots penetrate the ground.
The centaur hits you but does no damage.
The centaur shoots an arrow.
The arrow hits you but does no damage. The adder bites you but does no damage.
The centaur hits you but does no damage.
The centaur shoots an arrow.
The arrow hits you but does no damage.
You aren't carrying any items that you can evoke.
You barely miss the adder. The adder bites you.
* * * LOW HITPOINT WARNING * * *
The centaur hits you but does no damage.
Unknown command.
You barely miss the adder. The adder bites you.
You die...

.?.............(...#..###
.............(#####...#
...%........((# #####
............(.#
$..........c..#
..............#
#..........## .
##.§§##..# #...#§§c♣§#..#
#....§§S§§§..#
#...#§§§§.#..# #..
##..)## ## ## .......
........## ###...!.##
#######


You could see 2 centaurs and an adder.

Vanquished Creatures
  Pikel (D:4)
  2 slaves (D:4)
  A phantom (D:4)
  An ogre (D:4)
  A water moccasin skeleton (D:4)
  A giant frog skeleton (D:4)
  An iguana (D:4)
  An orc wizard (D:4)
  A worker ant (D:4)
  A worker ant zombie (D:4)
  Robin (D:4)
  3 gnolls
  6 adders
  3 worms
  5 dart slugs
  2 giant geckos
  4 orcs
  6 giant cockroaches
  15 goblins
  8 hobgoblins
  6 jackals
  6 kobolds
  A quokka (D:4)
  A ball python (D:2)
  11 bats
  5 giant newts
  5 rats
99 creatures vanquished.

Vanquished Creatures (others)
  An iguana (D:4)
1 creature vanquished.

Grand Total: 100 creatures vanquished

Notes
Turn   | Place    | Note
-------+----------+-------------------------------------------
     0 | Abyss:1  | AlphabetPasta the Halfling Abyssal Knight began the quest for the Orb.
     0 | Abyss:1  | Reached XP level 1. HP: 15/15 MP: 2/2
    28 | D:1      | Escaped the Abyss
    67 | D:1      | Reached skill level 3 in Short Blades
    83 | D:1      | Reached XP level 2. HP: 6/20 MP: 3/3
   697 | D:1      | Reached XP level 3. HP: 25/25 MP: 4/4
   901 | D:1      | Reached ** piety under Lugonu
  1219 | D:2      | Reached skill level 1 in Stealth
  1219 | D:2      | Reached XP level 4. HP: 16/30 MP: 5/5
  1664 | D:2      | Reached skill level 4 in Short Blades
  1664 | D:2      | Reached XP level 5. HP: 29/36 MP: 5/7
  1779 | D:2      | Found a white marble altar of Elyvilon.
  1907 | D:2      | Reached *** piety under Lugonu
  2419 | D:3      | Found a basalt altar of Yredelemnul.
  2631 | D:3      | Found Gozag's Platinum Reserve.
  2656 | D:3      | Found an opulent altar of Gozag.
  3141 | D:4      | Found a staircase to the Ecumenical Temple.
  3235 | D:4      | Noticed an ogre
  3241 | D:4      | Killed an ogre
  3241 | D:4      | Reached XP level 6. HP: 42/42 MP: 8/8
  3423 | D:4      | Reached skill level 5 in Short Blades
  3455 | D:4      | Found a shadowy altar of Dithmenos.
  3524 | D:4      | Noticed Robin
  3538 | D:4      | Reached XP level 7. HP: 25/46 MP: 9/9
  3759 | D:4      | Killed Robin
  4029 | D:4      | Noticed Pikel
  4263 | D:4      | Killed Pikel
  4263 | D:4      | Reached skill level 7 in Short Blades
  4263 | D:4      | Reached XP level 8. HP: 18/54 MP: 9/11
  4372 | D:4      | Reached **** piety under Lugonu
  4679 | D:5      | Entered Level 5 of the Dungeon
  4733 | D:5      | Found an iron altar of Okawaru.
  4743 | D:5      | HP: 1/54 [centaur/arrow (5)]
  4747 | D:5      | Slain by an adder

Vault maps used:
D:1:      dpeg_arrival_tiny_g
D:2:      elyvilon_altar_5, first_bread, corexii_corridor_pit
D:3:      nicolae_gozag_zags_fifth_avenue, lemuel_doored_altar
D:4:      grunt_dithmenos_smoke_and_mirrors, minmay_tree_intersection,
          uniq_pikel, uniq_robin
D:5:      okawaru_gym_becter, grunt_pakellas_sulfur

Skill      XL: |  1  2  3  4  5  6  7  8 |
---------------+-------------------------+-----
Short Blades   | 3 4 5 7 |  7.3
Dodging        | 2 3 4 |  4.2
Stealth        | 1 2 3 4 |  4.1
Fighting       | 3 4 |  4.1
Invocations    | 3 4 |  4.7
Armour         | |  2.5

Action                   |  1- 3 |  4- 6 |  7- 9 || total
-------------------------+-------+-------+-------++-------
Melee: Short sword       |   111 |   192 |       ||   303
       Dagger            |       |    69 |   148 ||   217
Invok: Bend Space        |       |       |     1 ||     1
  Use: Scroll            |       |    11 |     4 ||    15
       Potion            |       |     3 |     5 ||     8
 Stab: Sleeping          |     3 |     5 |       ||     8
  Eat: Chunk             |     1 |     3 |     2 ||     6
       Bread ration      |       |     1 |       ||     1
       Fruit             |       |       |     2 ||     2
       Pizza             |       |       |     1 ||     1
Armor: Leather armour    |    14 |    22 |       ||    36
       Robe              |       |     5 |    20 ||    25
       Skin              |       |       |     6 ||     6
Dodge: Dodged            |    76 |   148 |    85 ||   309
